 Dungeon Crawl Stone Soup version 0.28-a0-664-gc179e30c89 (webtiles) character file.

Game seed: 6483045699235102544

2 Johnny the Slasher (level 1, 0/27 HPs)
             Began as a Human Berserker on Oct 16, 2021.
             Was a Follower of Trog.
             Slain by a frilled lizard (2 damage)
             ... on level 1 of the Dungeon.
             The game lasted 00:00:10 (80 turns).

Johnny the Slasher (Human Berserker)                  Turns: 80, Time: 00:00:10

Health: 0/27       AC:  2    Str: 17    XL:     1   Next: 44%
Magic:  1/1        EV: 12    Int:  7    God:    Trog [*.....]
Gold:   0          SH:  0    Dex: 12    Spells: 0/0 levels left

rFire   . . .      SeeInvis .   a - +0 falchion
rCold   . . .      Faith    .   (no shield)
rNeg    . . .      Spirit   .   b - +0 animal skin
rPois   .          Reflect  .   (no helmet)
rElec   .          Harm     .   (no cloak)
rCorr   .          Rampage  .   (no gloves)
Will    .....                   (no boots)
Stlth   ..........              (no amulet)
HPRegen 0.09/turn               (no ring)
MPRegen 0.07/turn               (no ring)

@: berserking, very quick
A: no striking features
a: Renounce Religion, Berserk


You were on level 1 of the Dungeon.
You worshipped Trog.
Trog was aware of your devotion.
You visited 1 branch of the dungeon, and saw 1 of its levels.

Inventory:

Hand Weapons
 a - a +0 falchion (weapon)
Armour
 b - a +0 animal skin (worn)
Scrolls
 c - a scroll of fear {unknown}


   Skills:
 + Level 3.0 Fighting
 * Level 3.1 Long Blades
 - Level 2.0 Armour
 - Level 2.0 Dodging


You couldn't memorise any spells.
You didn't know any spells.
Your spell library was empty.

Dungeon Overview and Level Annotations

Branches:
Dungeon (1/15)

Altars:


Message History

You hit the hobgoblin.
The hobgoblin is almost dead.
The hobgoblin hits you.
You slash the hobgoblin!
You kill the hobgoblin!
Trog accepts your kill.
A rat comes into view.
The frilled lizard bites you.
A giant cockroach comes into view.
The hobgoblin closely misses you.
You closely miss the goblin. The goblin hits you with a +0 club.
The frilled lizard misses you. The hobgoblin hits you.
The goblin barely misses you.
You barely miss the goblin. The frilled lizard closely misses you.
The hobgoblin misses you. The goblin barely misses you.
There are monsters nearby!
A red film seems to cover your vision as you go berserk!
You feel yourself moving faster!
You feel mighty!
The frilled lizard completely misses you.
The hobgoblin barely misses you. The giant cockroach bites you.
The goblin hits you but does no damage.
You slash the hobgoblin!
You kill the hobgoblin!
Trog accepts your kill. The frilled lizard bites you.
You barely miss the rat.
The giant cockroach bites you but does no damage.
The goblin hits you with a +0 club. The frilled lizard bites you.
You closely miss the frilled lizard. The rat completely misses you.
The giant cockroach barely misses you. The goblin closely misses you.
The frilled lizard bites you.
* * * LOW HITPOINT WARNING * * *
You closely miss the frilled lizard. The giant cockroach bites you.
* * * LOW HITPOINT WARNING * * *
The rat bites you.
* * * LOW HITPOINT WARNING * * *
The goblin hits you with a +0 club.
* * * LOW HITPOINT WARNING * * *
You barely miss the rat. The frilled lizard bites you.
You die...

##+# .# ##...# .#
.....##.## ##
....#..###.#
#grl.......
#.@B.>..... ###
##........# ####..
#........# ##.....
#........###....##
#........##....###
##......###...##..
#..[...###..###.#
#.......##..###.<
##......###.(#+##


You could see a giant cockroach, a goblin, a frilled lizard and a rat.

Vanquished Creatures
  2 hobgoblins (D:1)
2 creatures vanquished.

Notes
Turn   | Place    | Note
-------+----------+-------------------------------------------
     0 | D:1      | Johnny the Human Berserker began the quest for the Orb.
     0 | D:1      | Reached XP level 1. HP: 18/18 MP: 1/1
    80 | D:1      | Slain by a frilled lizard

Illustrated notes

Levels and vault maps discovered:
D:1:      dpeg_arrival_snail, layout_loops_corners,
          shapermc_ecumenical_altar_notcrosses, minmay_cut_off

Action                   || total
-------------------------++-------
Melee: Falchion          ||    11
Invok: Berserk           ||     1
Armor: Animal skin       ||     2
Dodge: Dodged            ||    13

Table legend: (Time is in decaauts)
 A = Elapsed time spent in this place.
 B = Non-inter-level travel time spent in this place.
 C = Inter-level travel time spent in this place.
 D = Time resting spent in this place.
 E = Time spent auto-exploring this place.
 F = Levels seen in this place.
 G = Mean time per level.
                   A        B        C        D        E       F      G
               +--------+--------+--------+--------+--------+-----+--------+
         Total |     80 |     80 |      0 |      0 |     60 |   1 |   80.0 |
       Dungeon |     80 |     80 |      0 |      0 |     60 |   1 |   80.0 |
               +--------+--------+--------+--------+--------+-----+--------+

Top non-repeatable levels by time:
     D:1: 80 daAuts
